 Dungeon Crawl Stone Soup version 0.29-a0-284-gf9362112df (webtiles) character file.

Game seed: 8770069375059953245

35 siradein the Caller (level 3, -5/26 HPs)
             Began as a Demonspawn Summoner on Mar 31, 2022.
             Slain by an orc
             ... wielding a +0 flail
              (7 damage)
             ... on level 3 of the Dungeon.
             The game lasted 00:04:58 (2330 turns).

siradein the Caller (Demonspawn Summoner)           Turns: 2330, Time: 00:04:58

Health: -5/26      AC:  3    Str: 14    XL:     3   Next: 17%
Magic:  5/6        EV: 12    Int: 18    God:
Gold:   108        SH:  0    Dex: 13    Spells: 0/6 levels left

rFire   . . .      SeeInvis .   e - +0 short sword
rCold   . . .      Faith    .   (no shield)
rNeg    . . .      Spirit   .   i - +0 leather armour
rPois   .          Reflect  .   (no helmet)
rElec   .          Harm     .   (no cloak)
rCorr   .          Rampage  .   (no gloves)
Will    .....                   (no boots)
Stlth   ++........              (no amulet)
HPRegen 0.08/turn               c - +6 ring of strength
MPRegen 0.10/turn               (no ring)

@: no status effects
A: spiny 1
a: no special abilities


You were on level 3 of the Dungeon.
You visited 1 branch of the dungeon, and saw 3 of its levels.

You collected 108 gold pieces.

Inventory:

Hand Weapons
 e - a +0 short sword (weapon)
Armour
 i - a +0 leather armour (worn)
Jewellery
 c - a +6 ring of strength (left hand)
 n - an amulet of faith
Scrolls
 a - a scroll of enchant weapon {unknown}
 f - a scroll of identify {unknown}
 k - 3 scrolls of teleportation {unknown}
 o - a scroll of blinking {unknown}
Potions
 b - a potion of magic
 d - 2 potions of lignification {unknown}
 g - a potion of haste {unknown}
 h - a potion of ambrosia {unknown}
 j - 2 potions of brilliance {unknown}
 l - a potion of heal wounds {unknown}
 m - a potion of attraction {unknown}


   Skills:
 + Level 1.1 Fighting
 + Level 2.1 Dodging
 - Level 1.7 Stealth
 + Level 2.3 Spellcasting
 * Level 4.4 Summonings


You couldn't memorise any spells.
You knew the following spells:

 Your Spells              Type           Power      Damage    Failure   Level
a - Summon Small Mammal   Summ           72%        N/A       3%          1
b - Call Imp              Summ           18%        N/A       5%          2
c - Call Canine Familiar  Summ           18%        N/A       11%         3

Your spell library contained the following spells:

 Spells                   Type           Power      Damage    Failure   Level
 Magic Dart               Conj           8%         1d3       22%         1
 Summon Guardian Golem    Hex/Summ       10%        N/A       26%         3
 Searing Ray              Conj           4%         2d4       34%         2
 Summon Lightning Spire   Summ/Air       10%        N/A       65%         4
 Fulminant Prism          Conj/Hex       1%         3d6       92%         4


Dungeon Overview and Level Annotations

Branches:
Dungeon (2/15)

Altars:


Innate Abilities, Weirdness & Mutations

You are partially covered in sharp spines.


Message History

Your crimson imp misses the orc.
You hit the orc.
The orc is lightly wounded.
The orc barely misses your crimson imp.
Your crimson imp blinks!
You hit the orc but do no damage.
The orc is lightly wounded.
You closely miss the orc. You hit the orc.
The orc is severely wounded.
You barely miss the orc.
The orc is severely wounded.
The orc is struck by your spines.
You kill the orc!
The orc priest hits you with a +2 dagger of holy wrath.
You convulse.
You barely miss the orc priest.
The orc priest calls down the wrath of Beogh upon you.
Pain shoots through your body!
Your crimson imp hits the orc priest.
You closely miss the orc priest.
The orc priest is moderately wounded.
The orc priest hits you with a +2 dagger of holy wrath.
You convulse.
Your crimson imp hits the orc priest.
You barely miss the orc priest.
The orc priest is heavily wounded.
The orc priest calls down the wrath of Beogh upon you.
Pain shoots through your body!
* * * LOW HITPOINT WARNING * * *
Your crimson imp hits the orc priest.
You hit the orc priest.
The orc priest is severely wounded.
The orc priest barely misses you.
The orc hits your crimson imp with a +0 falchion.
Your crimson imp blinks!
You closely miss the orc priest.
The orc priest is severely wounded.
The orc is struck by your spines. The orc closely misses you.
The orc hits you with a +0 flail!
You die...

o.. ..o. ....#####
########### ..o...#
#.........# #...#
#####.........#
#.o.###.............#
#...#..)5...#########
#.o.#.#oo...#
#...#.#o@..)#
#...#o#.....#
#.....#.....####
#...#####......#
#...# ######.# #....
#.# ###.## #.# #.#
#.# #.# #. #.#


You could see an orc priest (ally target), 2 orcs and a friendly crimson imp
(summoned).

Vanquished Creatures
  A dart slug (D:1)
  An orc (D:3)
  3 endoplasms (D:1)
  A giant cockroach (D:1)
  3 hobgoblins (D:1)
  2 quokkas (D:2)
  3 ball pythons
  A bat (D:1)
  3 frilled lizards (D:1)
  5 rats
23 creatures vanquished.

Vanquished Creatures (collateral kills)
  A bat (D:2)
  A hobgoblin (D:1)
  A quokka (D:1)
  2 ball pythons
  4 kobolds
9 creatures vanquished.

Grand Total: 32 creatures vanquished

Notes
Turn   | Place    | Note
-------+----------+-------------------------------------------
     0 | D:1      | siradein the Demonspawn Summoner began the quest for the
                  | Orb.
     0 | D:1      | Reached XP level 1. HP: 13/13 MP: 3/3
   308 | D:1      | Noticed a floating eye
   310 | D:1      | Found a faded altar of an unknown god.
   311 | D:1      | Noticed a golden eye
   311 | D:1      | Noticed a floating eye
   311 | D:1      | Noticed a floating eye
   954 | D:1      | Gained mutation: You are partially covered in sharp spines.
                  | [demonic ancestry]
   954 | D:1      | Reached XP level 2. HP: 14/20 MP: 1/5
   957 | D:1      | Learned a level 2 spell: Call Imp
  1852 | D:2      | Reached skill level 1 in Fighting
  1987 | D:2      | Reached XP level 3. HP: 25/26 MP: 3/6
  2031 | D:2      | Learned a level 3 spell: Call Canine Familiar
  2061 | D:2      | You fall into a shaft and drop 1 floor!
  2330 | D:3      | Slain by an orc

Illustrated notes

Levels and vault maps discovered:
D:1:      dpeg_arrival_shrine, layout_rooms,
          hellmonk_ecumenical_altar_watching_god, kennysheep_pointless_box,
          hangedman_decor_points
D:2:      layout_basic
D:3:      layout_basic, portal_sewer_entry_e

Skill      XL: |  1  2 |
---------------+-------+-----
Dodging        | 2 |  2.1
Fighting       | 1 |  1.1
Stealth        | |  1.7
Spellcasting   | |  2.3
Summonings     | |  4.4

Action                   || total
-------------------------++-------
Melee: Short sword       ||    79
       Unarmed           ||     4
       Punch             ||     1
 Cast: Summon Small Mamm ||     8
       Call Imp          ||    11
 Stab: Sleeping          ||     1
Armor: Robe              ||    13
       Leather armour    ||     6
Dodge: Dodged            ||    59

Table legend: (Time is in decaauts)
 A = Elapsed time spent in this place.
 B = Non-inter-level travel time spent in this place.
 C = Inter-level travel time spent in this place.
 D = Time resting spent in this place.
 E = Time spent auto-exploring this place.
 F = Levels seen in this place.
 G = Mean time per level.
                   A        B        C        D        E       F      G
               +--------+--------+--------+--------+--------+-----+--------+
         Total |   2337 |   2289 |     48 |    146 |   1579 |   3 |  779.0 |
       Dungeon |   2337 |   2289 |     48 |    146 |   1579 |   3 |  779.0 |
               +--------+--------+--------+--------+--------+-----+--------+

Top non-repeatable levels by time:
     D:1: 1847 daAuts
     D:3: 269 daAuts
     D:2: 220 daAuts
